 Dungeon Crawl Stone Soup version 0.22.0-27-ga576289601 (webtiles) character file.

139 LLavrengius the Vandal (level 5, -7/34 HPs)
             Began as a Halfling Arcane Marksman on Aug 23, 2018.
             Mangled by an ogre
             ... wielding a +0 giant spiked club
              (14 damage)
             ... on level 3 of the Dungeon.
             The game lasted 00:13:16 (3567 turns).

LLavrengius the Vandal (Halfling Arcane Marksman)   Turns: 3567, Time: 00:13:17

Health: -7/34      AC:  3    Str: 12    XL:     5   Next: 46%
Magic:  6/6        EV: 15    Int: 11    God:
Gold:   118        SH:  0    Dex: 15    Spells: 5/6 levels left

rFire    . . .     SeeInvis .   r - +0 blowgun
rCold    . . .     Gourm    .   (shield restricted)
rNeg     . . .     Faith    .   c - +0 leather armour
rPois    .         Spirit   .   (no helmet)
rElec    .         Reflect  .   (no cloak)
rCorr    .         Harm     .   (no gloves)
MR       .....                  (no boots)
Stlth    +.........             (no amulet)
HPRegen  0.11/turn              (no ring)
MPRegen  0.10/turn              (no ring)

@: no status effects
A: small, mutation resistance 1
a: no special abilities


You were on level 3 of the Dungeon.
You were not hungry.

You visited 1 branch of the dungeon, and saw 4 of its levels.

You collected 118 gold pieces.

Inventory:

Hand Weapons
 a - a +0 hunting sling
 r - a +0 blowgun (weapon)
 u - a +1 dagger of venom
 w - a +2 dagger of speed
Missiles
 d - 36 sling bullets
 i - 52 stones (quivered)
Armour
 c - a +0 leather armour (worn)
 n - a +0 shield
 t - a +0 chain mail
 v - a +0 plate armour
Jewellery
 g - an uncursed ring of protection from fire {unknown}
Scrolls
 e - a scroll of fear {unknown}
 j - 2 scrolls of amnesia {unknown}
 k - a scroll of identify {unknown}
 m - a scroll of blinking {unknown}
 o - 2 scrolls of remove curse {unknown}
Potions
 b - a potion of curing {unknown}
 h - a potion of mutation {unknown}
 l - 2 potions of heal wounds {unknown}
 q - a potion of cancellation {unknown}
 s - 2 potions of haste {unknown}
 x - 2 potions of berserk rage {unknown}
Comestibles
 f - 6 rations
 p - a chunk of flesh


   Skills:
 + Level 2.3 Fighting
 * Level 6.1 Slings
 - Level 3.0 Dodging
 - Level 1.0 Spellcasting
 - Level 2.4 Hexes


You had 5 spell levels left.
You knew the following spells:

 Your Spells              Type           Power        Failure   Level  Hunger
a - Corona                Hex            #......      16%         1    ##.....

Your spell library contained the following spells:

 Spells                   Type           Power        Failure   Level  Hunger
 Confusing Touch          Hex            #.....       16%         1    ##.....
 Slow                     Hex            #.......     24%         2    ###....
 Animate Skeleton         Necr           N/A          38%         1    ##.....
 Apportation              Tloc           #.....       38%         1    ##.....
 Summon Small Mammal      Summ           #...         38%         1    ##.....
 Inner Flame              Hex/Fire       #.......     58%         3    ####...
 Portal Projectile        Hex/Tloc       #.....       58%         3    ####...
 Cause Fear               Hex            #.........   83%         4    #####..
 Leda's Liquefaction      Hex/Erth       #.........   94%         4    #####..


Dungeon Overview and Level Annotations

Branches:
Dungeon (4/15)
 Temple: D:4-7

Altars:
Elyvilon
Fedhas
Makhleb
Ru
Beogh

Annotations:
D:3 3 runed doors, puimuR's ghost, weakling HOMo


Innate Abilities, Weirdness & Mutations

You are small and have problems with some larger weapons.
You are somewhat resistant to further mutation.


Message History

The ogre is severely wounded.
The ogre misses you.
Throwing (i - inventory)
i - 55 stones (quivered)
Press: ? - help, Shift-Dir - straight line, f/p - ogre
Aim: an ogre, wielding a giant spiked club (severely wounded)
You throw a stone. The stone closely misses the ogre.
The ogre misses you.
Throwing (i - inventory)
i - 54 stones (quivered)
Press: ? - help, Shift-Dir - straight line, f/p - ogre
Aim: an ogre, wielding a giant spiked club (severely wounded)
You throw a stone.
The stone hits the ogre but does no damage.
The ogre is severely wounded.
Throwing (i - inventory)
i - 53 stones (quivered)
Press: ? - help, Shift-Dir - straight line, f/p - ogre
Aim: an ogre, wielding a giant spiked club (severely wounded)
You throw a stone.
The stone hits the ogre but does no damage.
The ogre is severely wounded.
The ogre hits you with a giant spiked club!
You die...

#.....#.....(..# #.#..##..#.#
####.........(.###.#.#....#.##
###.##............+o#...[#..#
#...##........##.(+o#.8._##.#
#.####............+.#...[ #..
#...............#.#o#.... ##.
######.#........#.#..##..###.
#.#####O...#.#..#8..#...
###.....#@...#.#..##..###.
#............#.#.....8 #.
#.............8####### #.
#.......).......##.#.# #.
#....)......###.##.#.# #.
#...........# #.##.#.# #.
#...........# #.#..#.# #.
#...........# #.#.##.# #.
#...........# #.#.##.# #.


You could see an ogre.

Vanquished Creatures
  An orc wizard (D:3)
  2 worker ants (D:3)
  An adder (D:2)
  A worm (D:2)
  A leopard gecko (D:2)
  An orc (D:4)
  A ball python (D:1)
  5 bats
  2 giant cockroaches (D:3)
  8 goblins
  7 hobgoblins
  2 jackals (D:1)
  10 kobolds
  2 quokkas (D:2)
  2 frilled lizards
  5 rats
51 creatures vanquished.

Notes
Turn   | Place    | Note
-------+----------+-------------------------------------------
     0 | D:1      | LLavrengius the Halfling Arcane Marksman began the quest for the Orb.
     0 | D:1      | Reached XP level 1. HP: 12/12 MP: 2/2
    37 | D:1      | Reached skill level 1 in Fighting
    42 | D:1      | Reached XP level 2. HP: 13/18 MP: 3/3
   521 | D:1      | Reached skill level 4 in Slings
   531 | D:1      | Reached XP level 3. HP: 13/23 MP: 4/4
  1182 | D:2      | Found a sacrificial altar of Ru.
  1185 | D:2      | Found a white marble altar of Elyvilon.
  1623 | D:2      | Reached XP level 4. HP: 18/28 MP: 5/5
  2188 | D:3      | Found a burning altar of Makhleb.
  2567 | D:3      | Found a runed gate.
  2568 | D:3      | Found a runed gate.
  2570 | D:3      | Found a runed gate.
  2575 | D:3      | Reached skill level 5 in Slings
  2621 | D:3      | Noticed puimuR's ghost (weakling HOMo)
  2623 | D:3      | Found a roughly hewn altar of Beogh.
  2863 | D:4      | Found a blossoming altar of Fedhas.
  2863 | D:4      | Noticed an orc warrior
  3190 | D:4      | Noticed an ogre
  3206 | D:3      | Reached XP level 5. HP: 23/34 MP: 6/6
  3355 | D:3      | Reached skill level 6 in Slings
  3567 | D:3      | Mangled by an ogre

Skill      XL: |  1  2  3  4  5 |
---------------+----------------+-----
Fighting       | 1 2 |  2.3
Slings         | 4 5 6 |  6.1
Dodging        | 3 |  3.0
Spellcasting   | |  1.0
Hexes          | |  2.4

Action                   |  1- 3 |  4- 6 || total
-------------------------+-------+-------++-------
 Fire: Hunting sling     |   100 |    54 ||   154
       Blowgun           |       |    11 ||    11
Throw: Stone             |       |     6 ||     6
  Eat: Chunk             |     2 |     3 ||     5
       Ration            |       |     1 ||     1
Armor: Robe              |     1 |       ||     1
       Leather armour    |       |     2 ||     2
Dodge: Dodged            |    13 |    28 ||    41
